 Dungeon Sprint DCSS version 0.30-a0-718-geaa24f58ff (webtiles) character file.

Game seed: 6871635321358223368

1100000 CrazyBamboolord the Sorcerer (level 16, -30/129 HPs)
             Began as a Djinni Warper on Jan 25, 2023.
             Was an Elder of Makhleb.
             Annihilated by a meat berserker
             ... wielding a +9 battleaxe
              (48 damage)
             ... in the Dungeon (Sprint VIII: "Arena of Blood").
             The game lasted 00:01:33 (11 turns).

CrazyBamboolord the Sorcerer (Djinni Warper)          Turns: 11, Time: 00:01:34

Health: -30/129    AC:  4    Str: 10    XL:     16   Next: 41%
Gold:   0          EV: 19    Int: 23    God:    Makhleb [****..] SH:  0 Dex: 13

rFire   + + .      SeeInvis .    i - +∞ Axe of Woe
rCold   x . .      Faith    .    (shield currently unavailable)
rNeg    . . .      Spirit   .    a - +0 leather armour
rPois   ∞          Reflect  .    (no helmet)
rElec   .          Harm     .    (no cloak)
rCorr   .          Rampage  .    (no gloves)
Will    +....      NoTele   +    (boots unavailable)
Stlth   +                        (no amulet)
HPRegen 0.41/turn                (no ring)
MPRegen 0.00/turn                (no ring)

@: flying
A: sickness immunity, fire resistance 2, cold vulnerability 1, float, innate
caster, HP casting, extra vitality 1
a: Renounce Religion, Minor Destruction, Lesser Servant of Makhleb, Major
Destruction


You were in the Dungeon.
You worshipped Makhleb.
Makhleb was greatly pleased with you.
You visited 1 branch

Inventory:

Hand Weapons
 i - the +∞ Axe of Woe (weapon)
   (You found it in the Dungeon)
Missiles
 c - 7 boomerangs of dispersal (quivered)
Armour
 a - a +0 leather armour (worn)
Scrolls
 b - 2 scrolls of blinking
Potions
 d - a potion of curing
 e - a potion of heal wounds
 f - a potion of haste
 g - 2 potions of magic
 h - a potion of berserk rage


   Skills:
 * Level 16.6 Fighting
 - Level 4.2 Axes
 - Level 3.5 Throwing
 * Level 13.6 Armour
 * Level 17.1 Dodging
 - Level 10.5 Unarmed Combat
 * Level 26.6 Spellcasting
 * Level 12.7 Invocations


You had 29 spell levels left.
You knew the following spells:

 Your Spells              Type           Power      Damage    Failure   Level
a - Blink                 Tloc           100%       N/A       0%          2
b - Lesser Beckoning      Tloc           100%       N/A       0%          2
c - Vhi's Electric Charg  Tloc/Air       100%       N/A       0%          3
d - Teleport Other        Tloc           100%       N/A       0%          3
e - Manifold Assault      Tloc           100%       N/A       0%          4
f - Foxfire               Conj/Fire      100%       2x1d9     0%          1
g - Ensorcelled Hibernat  Hex/Ice        100%       N/A       0%          2
h - Inner Flame           Hex/Fire       100%       N/A       0%          3
i - Spider Form           Tmut/Pois      100%       N/A       0%          3
j - Irradiate             Conj/Tmut      50%        3d28      0%          5
k - Iskenderun's Battles  Conj           100%       2d15      0%          5
l - Dispersal             Tloc           50%        N/A       0%          6
Your spell library was empty.

Dungeon Overview and Level Annotations

Branches:
Dungeon (1/1)

Altars:
Makhleb


Innate Abilities, Weirdness & Mutations

You are immune to sickness and miasma.
You are immune to poison.
Your flesh is very heat resistant. (rF++)
You are vulnerable to cold. (rC-)
You float through the air rather than walking.
You learn spells naturally, not from books.
Your magical power is your life essence.
You have superior vitality. (+4 MHP)


Message History

Your experience leads to an increase in your attributes!
Increase (S)trength, (I)ntelligence, or (D)exterity?
You feel clever. x2
The power to cast Dispersal wells up from within.
Spell assigned to 'l'.
The bag of meat shouts! x2
You slash the bag of meat!
You hew the bag of meat savagely.
You kill the bag of meat!
Makhleb accepts your kill.
You feel better.
You slash the meat berserker!
You cleave the meat berserker in twain.
You kill the meat berserker!
Makhleb accepts your kill.
You hear a shout! x9
The meat berserker hits you with a +9 battleaxe!!!
Ouch! That really hurt!
* * * LOW HITPOINT WARNING * * *
You hear a shout! x2
A bag of meat comes into view. It is wielding a +9 war axe.
You hear a shout!
Your Fighting skill increases to level 16!
Your Armour skill increases to level 13!
Your Dodging skill gained 2 levels and is now at level 17!
Your Spellcasting skill increases to level 26!
Your Invocations skill increases to level 12!
You have reached level 16!
You feel clever.
The bag of meat shouts!
You slice the meat berserker!!
You chop the meat berserker into pieces.
You kill the meat berserker!
Makhleb accepts your kill.
You can now hurl Makhleb's greater destruction.
You hear a shout! x4
A meat berserker comes into view. It is wielding a +9 battleaxe.
You hear a shout! x7
The meat berserker rages.
You hear a shout! x5
The meat berserker hits you with a +9 battleaxe!!!
You die...

.... .. .... ..
... #. ..# #..
..# .###..
..###O.
......###)......
......._@O......
....#..)o.#.....
. #_.<._# ...
#.....# .
...o._.....
......###......
.###.o ..###.
#.. ..# #.. ..#


You could see 2 meat berserkers and 3 bags of meat.

Vanquished Creatures
  4 ogres (D)
  7 orcs (D)
11 creatures vanquished.

Notes
Turn   | Place    | Note
-------+----------+-------------------------------------------
     0 | D        | Found the +∞ Axe of Woe
     0 | D        | CrazyBamboolord the Djinni Warper began the quest for the
                  | Orb.
     0 | D        | CrazyBamboolord set off with the following spells
                  | memorised: Blink, Lesser Beckoning, Vhi's Electric Charge,
                  | Teleport Other, Manifold Assault.
     0 | D        | Reached XP level 1. HP: 18/18 MP: 0/0
     0 | D        | Noticed a bag of meat
     1 | D        | Noticed a bag of meat
     2 | D        | Noticed a meat berserker
     2 | D        | Noticed a bag of meat
     2 | D        | Noticed a bag of meat
     4 | D        | Became a worshipper of Makhleb the Destroyer
     4 | D        | Noticed a bag of meat
     5 | D        | Noticed a bag of meat
     5 | D        | Noticed a bag of meat
     5 | D        | Noticed a meat berserker
     6 | D        | Killed a meat berserker
     7 | D        | Reached skill level 10 in Fighting
     7 | D        | Reached skill level 10 in Unarmed Combat
     7 | D        | Reached skill level 18 in Spellcasting
     7 | D        | Reached XP level 2. HP: 36/36 MP: 0/0
     7 | D        | Reached XP level 3. HP: 41/41 MP: 0/0
     7 | D        | Learned a level 1 spell: Foxfire
     7 | D        | Reached XP level 4. HP: 47/47 MP: 0/0
     7 | D        | Reached XP level 5. HP: 52/52 MP: 0/0
     7 | D        | Learned a level 2 spell: Ensorcelled Hibernation
     7 | D        | Reached XP level 6. HP: 58/58 MP: 0/0
     7 | D        | Reached XP level 7. HP: 64/64 MP: 0/0
     7 | D        | Learned a level 3 spell: Inner Flame
     7 | D        | Reached XP level 8. HP: 69/69 MP: 0/0
     7 | D        | Reached XP level 9. HP: 75/75 MP: 0/0
     7 | D        | Learned a level 3 spell: Spider Form
     7 | D        | Reached XP level 10. HP: 81/81 MP: 0/0
     7 | D        | Reached XP level 11. HP: 86/86 MP: 0/0
     7 | D        | Learned a level 5 spell: Irradiate
     7 | D        | Reached XP level 12. HP: 92/92 MP: 0/0
     7 | D        | Killed a bag of meat
     7 | D        | Reached * piety under Makhleb
     7 | D        | Noticed a meat berserker
     8 | D        | Reached skill level 5 in Armour
     8 | D        | Reached skill level 19 in Spellcasting
     8 | D        | Reached XP level 13. HP: 85/99 MP: 0/0
     8 | D        | Learned a level 5 spell: Iskenderun's Battlesphere
     8 | D        | Killed a bag of meat
     8 | D        | Killed a bag of meat
     8 | D        | Killed a bag of meat
     8 | D        | Reached ** piety under Makhleb
     9 | D        | Reached skill level 22 in Spellcasting
     9 | D        | Reached XP level 14. HP: 71/110 MP: 0/0
     9 | D        | Killed a bag of meat
     9 | D        | Killed a meat berserker
     9 | D        | Killed a bag of meat
     9 | D        | Reached *** piety under Makhleb
     9 | D        | Noticed a meat berserker
     9 | D        | Noticed a meat berserker
     9 | D        | Noticed a bag of meat
     9 | D        | Noticed a bag of meat
    10 | D        | Reached skill level 15 in Fighting
    10 | D        | Reached skill level 15 in Dodging
    10 | D        | Reached skill level 25 in Spellcasting
    10 | D        | Reached XP level 15. HP: 60/120 MP: 0/0
    10 | D        | Learned a level 6 spell: Dispersal
    10 | D        | Killed a meat berserker
    11 | D        | Reached skill level 26 in Spellcasting
    11 | D        | Reached XP level 16. HP: 17/129 MP: 0/0
    11 | D        | Killed a meat berserker
    11 | D        | Reached **** piety under Makhleb
    11 | D        | Noticed a meat berserker
    11 | D        | Annihilated by a meat berserker

Illustrated notes

Levels and vault maps discovered:
D:        meatsprint

Skill      XL: |  1  2  3  4  5  6  7  8  9 10 11 12 13 14 15 |
---------------+----------------------------------------------+-----
Fighting       | 10 11 13 15 16 | 16.6
Axes           | 4 |  4.2
Throwing       | 3 |  3.5
Armour         | 3 5 9 12 13 | 13.6
Dodging        | 11 12 14 15 17 | 17.1
Unarmed Combat | 10 | 10.5
Spellcasting   | 18 19 22 25 26 | 26.6
Invocations    | 4 8 11 12 | 12.7

Action                     |  1- 3 |  4- 6 |  7- 9 | 10-12 | 13-15 | 16-18 || total
---------------------------+-------+-------+-------+-------+-------+-------++-------
  Melee: Executioner's axe |     1 |       |       |     1 |     3 |     1 ||     6

Table legend: (Time is in decaauts)
 A = Elapsed time spent in this place.
 B = Non-inter-level travel time spent in this place.
 C = Inter-level travel time spent in this place.
 D = Time resting spent in this place.
 E = Time spent auto-exploring this place.
 F = Levels seen in this place.
 G = Mean time per level.
                   A        B        C        D        E       F      G
               +--------+--------+--------+--------+--------+-----+--------+
         Total |     14 |     14 |      0 |      0 |      0 |   1 |   14.0 |
       Dungeon |     14 |     14 |      0 |      0 |      0 |   1 |   14.0 |
               +--------+--------+--------+--------+--------+-----+--------+

Top non-repeatable levels by time:
       D: 14 daAuts
